 Dungeon Crawl Stone Soup version 0.20-a0-555-gf6ae02d (webtiles) character file.

94 Laan the Cudgeler (level 4, 0/28 HPs)
             Began as a Gargoyle Fighter on Feb 8, 2017.
             Slain by Crazy Yiuf
             ... wielding a +4 quarterstaff of chaos
              (1 damage)
             ... on level 2 of the Dungeon.
             The game lasted 00:02:38 (1864 turns).

Laan the Cudgeler (Gargoyle Fighter)                Turns: 1864, Time: 00:02:39

Health: 0/28       AC: 12    Str: 20    XL:     4   Next: 63%
Magic:  4/4        EV:  5    Int:  9    God:
Gold:   168        SH:  9    Dex:  9    Spells: 3/3 levels left

rFire    . . .     SeeInvis .   a - +0 flail
rCold    . . .     Gourm    .   j - +0 chain mail
rNeg     + . .     Faith    .   c - +0 shield
rPois    ∞         Spirit   .   (no helmet)
rElec    +         Reflect  .   (no cloak)
rCorr    .         Harm     .   (no gloves)
MR       .....                  (no boots)
Stlth    ..........             (no amulet)
Regen    0.1/turn               (no ring)
                                (no ring)

@: no status effects
A: negative energy resistance 1, electricity resistance, unbreathing,
petrification resistance, rot immunity, AC +3
a: no special abilities


You were on level 2 of the Dungeon.
You were not hungry.

You visited 1 branch of the dungeon, and saw 2 of its levels.

You collected 168 gold pieces.

Inventory:

Hand Weapons
 a - a +0 flail (weapon)
Armour
 c - a +0 shield (worn)
 j - a +0 chain mail (worn)
Jewellery
 b - an uncursed ring of positive energy {unknown}
Scrolls
 e - a scroll of blinking {unknown}
 i - 2 scrolls of identify {unknown}
 l - a scroll of magic mapping {unknown}
 n - a scroll of amnesia {unknown}
 p - a scroll of enchant armour {unknown}
Potions
 d - a potion of might
 g - a potion of lignification {unknown}
 h - a potion of haste {unknown}
 k - a potion of mutation {unknown}
 m - a potion of curing {unknown}
 q - a potion of heal wounds {unknown}
Comestibles
 f - 2 bread rations
 o - a royal jelly


   Skills:
 - Level 3.2 Fighting
 + Level 4.7 Maces & Flails
 - Level 3.2 Armour
 - Level 3.2 Shields


You had 3 spell levels left.
You didn't know any spells.

Dungeon Overview and Level Annotations

Branches:
Dungeon (2/15)

Altars:
Kikubaaqudgha
Qazlal

Annotations:
D:2 Crazy Yiuf


Innate Abilities, Weirdness & Mutations

You are resistant to torment.
Your stone body is resilient. (AC +3)
You are immune to poison.
You resist negative energy. (rN+)
You are resistant to electric shocks. (rElec)
You can survive without breathing.
You are immune to petrification.
You are immune to rotting.


Message History

Your shield and chain mail prevent you from hitting Crazy Yiuf.
Crazy Yiuf is heavily wounded.
You block Crazy Yiuf's attack. x2
You hit Crazy Yiuf.
Crazy Yiuf is severely wounded.
Crazy Yiuf whimpers, "Line arga agre!"
You block Crazy Yiuf's attack.
You closely miss Crazy Yiuf.
Crazy Yiuf is severely wounded.
You block Crazy Yiuf's attack.
You closely miss Crazy Yiuf.
Crazy Yiuf is severely wounded.
You block Crazy Yiuf's attack.
Your shield and chain mail prevent you from hitting Crazy Yiuf.
Crazy Yiuf is severely wounded.
Crazy Yiuf grits, "Mama!
Line mumblescurry testudinal."
Crazy Yiuf hits you with a quarterstaff of chaos.
* * * LOW HITPOINT WARNING * * *
Crazy Yiuf burns you.
You die...

#######
......#
..###.# ..#
#.# #####
### #.#
#..)#
#.#####
#...#
#.....#
#.g.# #
#####.# #@#
# #.# ##.# #
#.# #.## #
#.# ##.# #
#.# #.##
#########.#
##.##
........#.##
#...##
........<..#
#....#
.######.####
##..##


You could see Crazy Yiuf.

Vanquished Creatures
  Jessica (D:2)
  2 adders (D:2)
  2 worms (D:2)
  A ball python (D:2)
  5 goblins
  8 hobgoblins
  3 jackals (D:1)
  4 kobolds (D:1)
  6 bats
  5 frilled lizards
  10 rats
47 creatures vanquished.

Notes
Turn   | Place    | Note
-------+----------+-------------------------------------------
     0 | D:1      | Laan the Gargoyle Fighter began the quest for the Orb.
     0 | D:1      | Reached XP level 1. HP: 14/14 MP: 1/1
   336 | D:1      | Reached XP level 2. HP: 19/19 MP: 2/2
   499 | D:1      | Reached skill level 3 in Maces & Flails
   850 | D:2      | Noticed Jessica
   871 | D:1      | Reached XP level 3. HP: 10/23 MP: 3/3
  1075 | D:2      | Killed Jessica
  1075 | D:2      | Reached skill level 4 in Maces & Flails
  1193 | D:2      | Reached XP level 4. HP: 28/28 MP: 4/4
  1210 | D:2      | Found a stormy altar of Qazlal.
  1211 | D:2      | Noticed an air elemental
  1215 | D:2      | Noticed a water elemental
  1218 | D:2      | Noticed a fire elemental
  1218 | D:2      | Noticed an earth elemental
  1447 | D:2      | Found an ancient bone altar of Kikubaaqudgha.
  1546 | D:2      | Found a runed door.
  1853 | D:2      | Noticed Crazy Yiuf
  1864 | D:2      | HP: 1/28 [Crazy Yiuf/quarterstaff of chaos (6)]
  1864 | D:2      | Slain by Crazy Yiuf

Vault maps used:
D:1:      shiori_arrival_maze
D:2:      nicolae_qazlal_style_of_elements, kiku_gazebo_garden_becter,
          uniq_crazy_yiuf_cottage, uniq_jessica

Skill      XL: |  1  2  3 |
---------------+----------+-----
Maces & Flails | 3 4 |  4.7
Fighting       | |  3.2
Armour         | |  3.2
Shields        | |  3.2

Action                   |  1- 3 |  4- 6 || total
-------------------------+-------+-------++-------
Melee: Flail             |   100 |    95 ||   195
  Eat: Chunk             |     1 |     2 ||     3
Armor: Scale mail        |    49 |       ||    49
       Chain mail        |     2 |    64 ||    66
Dodge: Dodged            |    36 |    17 ||    53
Block: Shield            |    68 |    53 ||   121
